 Dungeon Crawl Stone Soup version 0.27-a0-1200-g94dc6ad4cf (webtiles) character file.

Game seed: 1643513331948350908

8241 Strat the Basher (level 11, 0/86 HPs)
             Began as a Grey Draconian Chaos Knight on June 1, 2021.
             Was a Plaything of Xom.
             Succumbed to a sea snake's poison
             ... on level 8 of the Dungeon.
             The game lasted 00:24:50 (13065 turns).

Strat the Basher (Grey Draconian Chaos Knight)     Turns: 13065, Time: 00:24:51

Health: 0/86       AC: 15    Str:  7 (10) XL:     11   Next: 7%
Magic:  3/11       EV: 19    Int:  7 (10) God:    Xom [.....*]
Gold:   223        SH:  0    Dex: 11 (15) Spells: 7/10 levels left

rFire    + + .     SeeInvis .   a - +3 morningstar (freeze)
rCold    + . .     Faith    .   (no shield)
rNeg     . . .     Spirit   +   (armour unavailable)
rPois    +         Reflect  .   (helmet restricted)
rElec    +         Harm     .   (no cloak)
rCorr    +         Rampage  .   F - +2 pair of gloves of Complete Protection {Dex+2}
Will     .....     Rnd*Tele +   (no boots)
Stlth    +.........             v - amulet of guardian spirit
HPRegen  0.24/turn              l - ring of protection from fire
MPRegen  0.12/turn              i - +4 ring of evasion

@: lethally poisoned (0 -> -3), about to teleport, resistant
A: AC +12, amphibious, unfitting armour, cold-blooded, clumsy 1, deterioration
2, dopey 1, teleportitis 1, weak 2
a: Renounce Religion


You were on level 8 of the Dungeon.
You worshipped Xom.
You were Xom's teddy bear.
You visited 1 branch of the dungeon, and saw 10 of its levels.

You collected 557 gold pieces.
You spent 334 gold pieces at shops.

Inventory:

Hand Weapons
 a - a +3 morningstar of freezing (weapon)
 b - a +0 whip of electrocution
Missiles
 f - 37 poisoned darts (quivered)
 g - 7 boomerangs
 k - 427 stones
 n - a throwing net
 C - a curare-tipped dart
Armour
 F - the +2 pair of gloves of Complete Protection (worn) {Dex+2}
   (You bought it in a shop on level 9 of the Dungeon)

   It affects your dexterity (+2).
Jewellery
 i - a +4 ring of evasion (right hand)
 l - a ring of protection from fire (left hand)
 p - an amulet of magic regeneration
 r - a ring of willpower
 t - a ring of flight
 v - an amulet of guardian spirit (around neck)
 A - a +4 ring of evasion
Wands
 u - a wand of flame (6)
 x - a wand of iceblast (6)
 B - a wand of polymorph (6)
Scrolls
 m - a scroll of torment
Potions
 c - 2 potions of flight
 d - a potion of haste
 e - 5 potions of brilliance
 h - 3 potions of magic
 j - a potion of cancellation
 w - 2 potions of heal wounds {unknown}
 z - a potion of curing {unknown}
 D - a potion of might


   Skills:
 - Level 5.0 Fighting
 + Level 13.1 Maces & Flails
 - Level 10.0 Dodging


You had 7 spell levels left.
You knew the following spells:

 Your Spells              Type           Power      Damage    Failure   Level
a - Confusing Touch       Hex            0%         N/A       80%         3

Your spell library contained the following spells:

 Spells                   Type           Power      Damage    Failure   Level
 Animate Skeleton         Necr           0%         N/A       43%         1
 Beastly Appendage        Tmut           0%         N/A       43%         1
 Foxfire                  Conj/Fire      0%         2x1d4     43%         1
 Pain                     Necr           0%         1d4       43%         1
 Poisonous Vapours        Pois/Air       0%         N/A       56%         2
 Wereblood                Tmut           0%         N/A       56%         2
 Conjure Flame            Conj/Fire      0%         6-21      80%         3
 Gell's Gravitas          Tloc           0%         N/A       80%         3
 Inner Flame              Hex/Fire       0%         N/A       80%         3
 Mephitic Cloud           Conj/Pois/Air  0%         N/A       80%         3
 Spider Form              Tmut/Pois      0%         N/A       80%         3
 Vampiric Draining        Necr           0%         2d6       80%         3
 Animate Dead             Necr           0%         N/A       99%         4
 Ice Form                 Ice/Tmut       0%         N/A       99%         4
 Petrify                  Tmut/Erth      0%         N/A       99%         4
 Sticky Flame             Conj/Fire      0%         2d3       99%         4
 Agony                    Necr           0%         N/A       100%        5
 Fireball                 Conj/Fire      0%         3d3       100%        5
 Hydra Form               Tmut           0%         N/A       100%        5
 Metabolic Englaciation   Hex/Ice        0%         N/A       100%        5
 Yara's Violent Unravell  Hex/Tmut       0%         3d3       100%        5
 Freezing Cloud           Conj/Ice/Air   0%         6-21      100%        6


Dungeon Overview and Level Annotations

Branches:
Dungeon (10/15)            Temple (0/1) D:6            Lair (0/6) D:10
    Orc (0/2) D:9

Altars:
Cheibriados
Dithmenos
Fedhas
Okawaru
Ru
Sif Muna
Vehumet
Wu Jian
Xom
Zin
The Shining One

Shops:
D:2 (   D:4 !   D:9 *[

Annotations:
D:9 2 transporters, Psyche


Innate Abilities, Weirdness & Mutations

Your dull iron-grey scales are very hard. (AC +12)
You are amphibious.
You cannot fit into any form of body armour.
You are cold-blooded and may be slowed by cold attacks.
You are clumsy. (Dex -2)
Your body often deteriorates upon taking damage.
You are dopey. (Int -2)
You are occasionally teleported next to monsters.
You are very weak. (Str -4)


Message History

You feel protected.
You feel extremely sick. The sea snake bites you.
* * * LOW HITPOINT WARNING * * *
The sea snake barely misses you.
You thump the sea snake! You freeze the sea snake.
The sea snake is heavily wounded.
You feel very sick. The sea snake bites you.
* * * LOW HITPOINT WARNING * * *
You completely miss the sea snake.
The sea snake is heavily wounded.
You feel very sick. The sea snake bites you!
* * * LOW HITPOINT WARNING * * *
Your body deteriorates!
You feel weakened.
You barely miss the sea snake.
The sea snake is heavily wounded.
You feel very sick. The sea snake closely misses you.
Blink to where?
Press: ? - help, Dir - move target
As you read the scroll of blinking, it crumbles to dust.
You feel very sick.
You feel very sick. The sea snake bites you!
* * * LOW MAGIC WARNING * * *;
* * * LOW HITPOINT WARNING * * *
Your body deteriorates!
You feel clumsy.
You climb upwards.
* * * LOW HITPOINT WARNING * * *
You feel sick.
There is a stone staircase leading down here.
As you read the scroll of teleportation, it crumbles to dust.
You feel strangely unstable.
* * * LOW HITPOINT WARNING * * *
You feel sick. The sea snake misses you.
* * * LOW HITPOINT WARNING * * *
You feel sick.
You die...
Xom guffaws!

#......#####)..)###......##..#
#. .............).##
##.....##..# ##
...#....##....##
#..##..#..#### ..###.........#
#..##......... ..# ##........#
#........###..
.####.........## ##..#######
### .###...........####.### #
......#####_....#.S## ###
##.....###..._..@.## ##.#
#..#..._......._## #...
##..#...._.......# ##...
#....(.###._.._._# #....
......## ##.....## ####.
#..##..####..#### ##<
#..#.....#..## #..
##.........## ##..
##......_..# ##### #...


You could see a sea snake shaped shifter.

Vanquished Creatures
  A two-headed ogre (D:7)
  An elephant (D:10)
  Prince Ribbit (D:8)
  14 yaks
  A wyvern (D:10)
  3 vampire mosquitoes (D:10)
  2 acid dragons
  A water moccasin (D:6)
  3 sky beasts
  3 black bears
  An ice beast (D:5)
  A necrophage (D:8)
  An ogre (D:7)
  2 lemures (D:6)
  5 centaurs
  2 kobold brigands
  A bullfrog (D:7)
  4 scorpions
  A wyvern zombie (D:5)
  5 wights (D:7)
  15 killer bees
  2 howler monkeys
  2 bullfrog zombies (D:6)
  2 hounds
  2 centaur zombies
  An orc priest (D:5)
  A bullfrog skeleton (D:5)
  A gnoll shaman (D:5)
  2 jellies
  2 centaur skeletons
  Natasha (thrice) (D:3)
  5 iguanas
  3 orc wizards
  2 killer bee zombies (D:6)
  A hound zombie (D:5)
  4 howler monkey zombies
  7 gnolls (D:5)
  An adder (D:6)
  2 shadow imps
  2 ufetubi
  25 orcs
  6 ball pythons
  4 endoplasms
  2 giant cockroaches
  3 goblins
  3 hobgoblins
  2 quokkas
  3 bats (D:3)
  A frilled lizard (D:1)
  13 kobolds
  6 rats
181 creatures vanquished.

Vanquished Creatures (collateral kills)
  Pikel (D:6)
  A centaur (D:6)
  A kobold brigand (D:7)
  A bullfrog zombie (D:6)
  A mummy (D:6)
  An orc (D:9)
  A kobold (D:7)
7 creatures vanquished.

Vanquished Creatures (others)
  A shadow (D:5)
  An orc (D:9)
  A plant (D:10)
3 creatures vanquished.

Grand Total: 191 creatures vanquished

Notes
Turn   | Place    | Note
-------+----------+-------------------------------------------
     0 | D:1      | Strat the Draconian Chaos Knight began the quest for the
                  | Orb.
     0 | D:1      | Reached XP level 1. HP: 19/19 MP: 1/1
   117 | D:1      | Found a faded altar of an unknown god.
   596 | D:1      | XOM: butterfly on damage
   694 | D:1      | Reached XP level 2. HP: 26/26 MP: 2/2
   780 | D:1      | XOM: silly message
   801 | D:1      | XOM: silly message
  1122 | D:1      | XOM: noise
  1430 | D:1      | XOM is BORED!
  1458 | D:2      | XOM: noise
  1554 | D:2      | XOM: confuse monster(s)
  1574 | D:2      | XOM: scenery: 1 doors open, 1 doors close
  1579 | D:2      | Reached XP level 3. HP: 33/33 MP: 3/3
  1761 | D:2      | Found Gecsus's Weapon Shoppe.
  2022 | D:2      | XOM: god gift: dagger {god gift}
  2058 | D:3      | XOM: fog
  2176 | D:3      | XOM: scenery: summon butterflies
  2196 | D:3      | Noticed Natasha
  2236 | D:2      | XOM: fog
  2239 | D:2      | Reached XP level 4. HP: 19/40 MP: 4/4
  2435 | D:3      | XOM: potion effect (invisibility)
  2436 | D:3      | XOM: enchant monster (good)
  2440 | D:3      | Killed Natasha
  2483 | D:3      | Noticed Natasha
  2502 | D:3      | Killed Natasha
  2503 | D:3      | Reached skill level 4 in Maces & Flails
  2725 | D:3      | Noticed Natasha
  2803 | D:3      | Killed Natasha
  2804 | D:3      | Reached XP level 5. HP: 33/47 MP: 5/5
  2899 | D:4      | Found Wefel's Distillery.
  2928 | D:4      | Identified the +2 hand axe of Cauwuoxu {freeze, *Corrode
                  | rElec rN+}
  3032 | D:4      | XOM: god gift: 25 bolts
  3187 | D:4      | XOM: enchant monster (good)
  3189 | D:4      | XOM: cleaving
  3438 | D:4      | XOM: divination: detect creatures
  3563 | D:5      | Entered Level 5 of the Dungeon
  3571 | D:5      | Noticed an ice beast
  3595 | D:5      | Killed an ice beast
  3596 | D:5      | Reached skill level 5 in Fighting
  3596 | D:5      | Reached skill level 5 in Maces & Flails
  3596 | D:5      | Reached XP level 6. HP: 43/56 MP: 4/6
  3674 | D:5      | Found a blossoming altar of Fedhas.
  3693 | D:5      | Found an iron altar of Okawaru.
  3705 | D:5      | XOM: noise
  3850 | D:5      | XOM: 3-stop teleportation journey
  3853 | D:5      | Found a sacrificial altar of Ru.
  3893 | D:5      | XOM: 8-stop teleportation journey
  3996 | D:5      | XOM: 3-stop teleportation journey
  4131 | D:5      | XOM is BORED!
  4202 | D:5      | XOM: smoke on damage
  4245 | D:5      | XOM: give mutations
  4245 | D:5      | Gained mutation: You sometimes lose the ability to read
                  | scrolls when taking damage. [Xom's mischief]
  4245 | D:5      | Gained mutation: You are frail. (-10% HP) [Xom's mischief]
  4413 | D:5      | XOM: scenery: summon butterflies
  4459 | D:5      | XOM: 2-stop teleportation journey
  4479 | D:5      | XOM: torment (29/50 hp)
  4659 | D:5      | Learned a level 3 spell: Confusing Touch
  4737 | D:5      | Your scales start taking on a dull iron-grey colour.
  4737 | D:5      | Reached XP level 7. HP: 50/54 MP: 7/7
  4932 | D:5      | Reached skill level 6 in Maces & Flails
  4932 | D:5      | Reached skill level 5 in Dodging
  4959 | D:5      | XOM: 5-stop teleportation journey
  5079 | D:5      | Noticed a shadow
  5098 | D:5      | Killed a shadow
  5098 | D:5      | XOM: divine lightning
  5404 | D:5      | XOM: 3-stop teleportation journey
  5415 | D:5      | Reached skill level 7 in Maces & Flails
  6070 | D:6      | Found a staircase to the Ecumenical Temple.
  6217 | D:6      | Found an ornate altar of the Wu Jian Council.
  6266 | D:6      | Reached XP level 8. HP: 61/61 MP: 8/8
  6324 | D:6      | XOM: summons friendly iron imp
  6340 | D:6      | Reached skill level 8 in Maces & Flails
  6413 | D:6      | XOM: cast spell 'Death Channel'
  6426 | D:6      | XOM: confuse monster(s)
  6488 | D:6      | Noticed Pikel
  6493 | D:6      | Killed Pikel
  6497 | D:6      | Reached skill level 9 in Maces & Flails
  6576 | D:6      | Found a snail-covered altar of Cheibriados.
  6806 | D:6      | XOM: god gift: tapered iron wand {god gift}
  6861 | D:6      | Found a shadowy altar of Dithmenos.
  7005 | D:7      | Found a glowing golden altar of the Shining One.
  7023 | D:7      | XOM: cast spell 'Call Canine Familiar'
  7109 | D:7      | Reached XP level 9. HP: 39/66 MP: 6/9
  7345 | D:7      | XOM: noise
  7425 | D:7      | XOM: cast spell 'Summon Horrible Things'
  7583 | D:7      | Noticed a two-headed ogre
  7594 | D:7      | Killed a two-headed ogre
  7595 | D:7      | Reached skill level 10 in Maces & Flails
  7811 | D:7      | XOM: noise
  8055 | D:7      | XOM: give mutations
  8055 | D:7      | Gained mutation: You are occasionally teleported next to
                  | monsters. [Xom's mischief]
  8055 | D:7      | Gained mutation: You are clumsy. (Dex -2) [Xom's mischief]
  8055 | D:7      | Gained mutation: You are weak. (Str -2) [Xom's mischief]
  8055 | D:7      | Gained mutation: You are very weak. (Str -4) [Xom's
                  | mischief]
  8068 | D:7      | XOM: chaos upgrade
  8228 | D:7      | XOM is BORED!
  8228 | D:7      | XOM: summons 5 hostile demons
  8360 | D:8      | Noticed Prince Ribbit
  8389 | D:8      | Killed Prince Ribbit
  8701 | D:8      | XOM: noise
  8798 | D:8      | XOM: noise
  9154 | D:8      | Reached XP level 10. HP: 62/72 MP: 10/10
  9214 | D:8      | Reached skill level 11 in Maces & Flails
  9441 | D:8      | XOM: scenery: summon butterflies
  9669 | D:8      | XOM: god gift: spear {god gift}
  9813 | D:8      | XOM: scenery: create altars
 10085 | D:9      | Found a transporter.
 10097 | D:9      | Noticed an orc high priest
 10109 | D:9      | XOM: cast spell 'Alistair's Intoxication'
 10113 | D:9      | XOM: cleaving
 10118 | D:9      | XOM: potion effect (brilliance)
 10128 | D:9      | XOM: enchant monster (good)
 10210 | D:9      | Noticed an orc sorcerer
 10282 | D:9      | XOM: cleaving
 10296 | D:9      | XOM: scenery: summon butterflies
 10341 | D:9      | XOM: scenery: create altars
 10424 | D:9      | Found a shimmering altar of Xom.
 10430 | D:9      | Noticed Maggie
 10430 | D:9      | XOM: scenery: summon butterflies
 10445 | D:9      | XOM: noise
 10450 | D:9      | Noticed Maggie
 10450 | D:9      | Maggie changed into Maggie the acid dragon
 10461 | D:9      | Killed Maggie the acid dragon
 10587 | D:9      | Found a transporter.
 10651 | D:9      | Found a staircase to the Orcish Mines.
 10665 | D:9      | Found Vasser's Armour Boutique.
 10667 | D:9      | Found Zin's Purification Station.
 10672 | D:9      | Bought the +2 pair of gloves of Complete Protection {Dex+2}
                  | for 334 gold pieces
 10683 | D:9      | Found a glowing silver altar of Zin.
 10686 | D:9      | XOM: torment (41/72 hp)
 10862 | D:9      | XOM: give mutations
 10862 | D:9      | Gained mutation: Your body sometimes deteriorates upon
                  | taking damage. [Xom's mischief]
 10862 | D:9      | Gained mutation: Your magical capacity is low. (-10% MP)
                  | [Xom's mischief]
 10862 | D:9      | Lost mutation: Your magical capacity is low. (-10% MP)
                  | [Xom's mischief]
 10869 | D:9      | XOM: swap monsters
 11220 | D:9      | XOM: 1-stop teleportation journey
 11239 | D:9      | Noticed a harpy
 11239 | D:9      | Noticed a centaur warrior
 11246 | D:9      | a harpy changed into a yak
 11251 | D:9      | XOM: summons 5 friendly demons
 11259 | D:9      | Noticed a boulder beetle
 11263 | D:9      | Paralysed by a floating eye for 3 turns
 11264 | D:9      | XOM: fog
 11269 | D:9      | XOM: fog
 11275 | D:9      | Paralysed by a floating eye for 3 turns
 11283 | D:9      | XOM: confuse monster(s)
 11286 | D:9      | Noticed a red ugly thing
 11288 | D:9      | Noticed a manticore
 11289 | D:9      | XOM: divination: magic mapping
 11298 | D:9      | Found a shimmering blue altar of Sif Muna.
 11298 | D:9      | Noticed Psyche
 11304 | D:10     | Entered Level 10 of the Dungeon
 11474 | D:10     | XOM: 2-stop teleportation journey
 11490 | D:10     | XOM: silly message
 11839 | D:10     | XOM: summons 2 friendly demons
 11889 | D:10     | XOM: silly message
 11901 | D:10     | XOM: cast spell 'Alistair's Intoxication'
 11904 | D:10     | Reached skill level 12 in Maces & Flails
 11909 | D:10     | XOM: noise
 11910 | D:10     | Reached skill level 10 in Dodging
 11911 | D:10     | XOM: give mutations
 11911 | D:10     | Gained mutation: You are dopey. (Int -2) [Xom's mischief]
 11911 | D:10     | Lost mutation: You are frail. (-10% HP) [Xom's mischief]
 11913 | D:10     | XOM: give mutations
 11913 | D:10     | Lost mutation: You sometimes lose the ability to read
                  | scrolls when taking damage. [Xom's mischief]
 11913 | D:10     | Gained mutation: Your body often deteriorates upon taking
                  | damage. [Xom's mischief]
 12094 | D:10     | Found a radiant altar of Vehumet.
 12165 | D:10     | XOM: 3-stop teleportation journey
 12364 | D:10     | XOM: 8-stop teleportation journey
 12368 | D:10     | XOM: scenery: 1 doors close
 12473 | D:10     | Found a staircase to the Lair.
 12473 | D:10     | Noticed an elephant
 12497 | D:10     | XOM: fog
 12505 | D:10     | Killed an elephant
 12505 | D:10     | XOM: 4-stop teleportation journey
 12506 | D:10     | Reached XP level 11. HP: 71/86 MP: 9/11
 12620 | D:10     | XOM: fog
 12672 | D:10     | Reached skill level 13 in Maces & Flails
 12811 | D:10     | XOM: summons 4 hostile demons
 13036 | D:9      | XOM: fog
 13047 | D:9      | Noticed a sea snake
 13047 | D:9      | a merfolk changed into a sea snake
 13062 | D:8      | HP: 4/86 [poisoned by a sea snake]
 13064 | D:8      | HP: 1/86 [poisoned by a sea snake]
 13065 | D:8      | Succumbed to a sea snake's poison

Illustrated notes

Levels and vault maps discovered:
D:1:      doesnt_arrival_eight_statues, layout_basic,
          shapermc_ecumenical_altar_starsandcircs
D:2:      layout_basic, serial_shops, nicolae_shop_trees
D:3:      layout_rooms, uniq_natasha
D:4:      layout_cave_pools, serial_shops, shop, hangedman_abyss_or_decor_slice
D:5:      cheibrodos_two_vegetables, layout_basic, fedhas_altar_3,
          kennysheep_okawaru_gauntlet, nicolae_ru_awakened_eye,
          nrook_loot_triangle, kennysheep_small_circle
D:6:      layout_loops_cross, nzn_wu_jian_contemplation, slow_altar_1,
          grunt_dithmenos_smoke, minmay_temple_entry_offerings, uniq_pikel
D:7:      layout_gridville, tso_metal_star, minmay_misc_feat_plants,
          serial_park_tiny_1
D:8:      layout_layer_cave, uniq_prince_ribbit1
D:9:      gammafunk_wand_slinger, layout_rooms, nicolae_sif_muna_little_library,
          nicolae_overflow_crystal_walls, nemelex_diamond_rough_becter,
          zin_purify, orc_0_dummy, serial_shops, nicolae_shop_window_shopping,
          st_stairs_5, minivault_28, uniq_psyche, uniq_maggie
D:10:     layout_basic, lemuel_tele_altar, david_lair_generic

Skill      XL: |  1  2  3  4  5  6  7  8  9 10 11 |
---------------+----------------------------------+-----
Fighting       | 4 5 |  5.0
Dodging        | 3 4 5 6 8 10 | 10.0
Maces & Flails | 4 5 7 9 10 12 13 | 13.1

Action                   |  1- 3 |  4- 6 |  7- 9 | 10-12 || total
-------------------------+-------+-------+-------+-------++-------
Melee: Mace              |   106 |    74 |   157 |       ||   337
       Tailslap          |     7 |     8 |    51 |    43 ||   109
       Flail             |       |    48 |       |       ||    48
       Whip              |       |       |   242 |    27 ||   269
       Morningstar       |       |       |     6 |   257 ||   263
Throw: Dart              |       |    29 |     9 |       ||    38
       Throwing net      |       |       |     1 |       ||     1
Evoke: Wand              |       |     8 |     8 |     2 ||    18
  Use: Scroll            |     2 |     3 |     5 |    10 ||    20
       Potion            |     1 |       |     3 |     4 ||     8
 Stab: Sleeping          |     1 |       |       |       ||     1
       Confused          |       |       |     2 |       ||     2
       Distracted        |       |       |       |     1 ||     1
Armor: Skin              |    31 |    32 |   112 |    84 ||   259
Dodge: Dodged            |    91 |    96 |   348 |   319 ||   854

Table legend: (Time is in decaauts)
 A = Elapsed time spent in this place.
 B = Non-inter-level travel time spent in this place.
 C = Inter-level travel time spent in this place.
 D = Time resting spent in this place.
 E = Time spent auto-exploring this place.
 F = Levels seen in this place.
 G = Mean time per level.
                   A        B        C        D        E       F      G
               +--------+--------+--------+--------+--------+-----+--------+
         Total |  12924 |  12587 |    337 |   1526 |   8703 |  10 | 1292.4 |
       Dungeon |  12924 |  12587 |    337 |   1526 |   8703 |  10 | 1292.4 |
               +--------+--------+--------+--------+--------+-----+--------+

Top non-repeatable levels by time:
     D:5: 2498 daAuts
     D:8: 1807 daAuts
    D:10: 1660 daAuts
     D:1: 1442 daAuts
     D:7: 1353 daAuts
     D:9: 1109 daAuts
     D:6: 893 daAuts
     D:2: 860 daAuts
     D:4: 667 daAuts
     D:3: 631 daAuts
